 Dungeon Crawl Stone Soup version 0.17-a0-580-g22c127a (webtiles) character file.

42 Ololoev the Caller (level 3, -3/26 HPs)
             Began as a Demigod Summoner on Apr 15, 2015.
             Slain by Natasha (9 damage)
             ... on level 2 of the Dungeon.
             The game lasted 00:05:22 (2435 turns).

Ololoev the Caller (Demigod Summoner)               Turns: 2435, Time: 00:05:22

Health: -3/26      AC:  2    Str: 11    XL:     3   Next: 19%
Magic:  2/9        EV: 12    Int: 21    God:
Gold:   68         SH:  0    Dex: 16    Spells: 3 memorised, 0 levels left

rFire  . . .     SeeInvis .     d - +0 dagger
rCold  . . .     Clarity  .     a - +0 robe
rNeg   . . .     SustAb   +     (no shield)
rPois  .         Gourm    .     (no helmet)
rElec  .         Spirit   .     (no cloak)
rCorr  .         Warding  .     (no gloves)
rMut   .         Stasis   .     (no boots)
MR     .....                    (no amulet)
Stlth  ++........               (no ring)
                                (no ring)

@: slowed, very slow, not resistant to hostile enchantments, unstealthy
A: high mp 1, sustain abilities
a: no special abilities


Innate Abilities, Weirdness & Mutations

You have an increased reservoir of magic (+10% MP).
Your attributes are resistant to harm.

Inventory:

Hand weapons
 d - a +0 dagger (weapon)
Missiles
 i - a throwing net (quivered)
Armour
 a - a +0 robe (worn)
Scrolls
 e - a scroll of teleportation {unknown}
 g - 2 scrolls of magic mapping {unknown}
 j - a scroll of identify {unknown}
Potions
 f - a potion of curing {unknown}
Books
 b - a book of Callings

   Spells                             Type                      Level
   a - Summon Small Mammal            Summoning                    1
   b - Call Imp                       Summoning                    2
   c - Call Canine Familiar           Summoning                    3
   d - Summon Guardian Golem          Hexes/Summoning              3
   e - Summon Lightning Spire         Summoning/Air                4
   f - Summon Ice Beast               Ice/Summoning                4
Comestibles
 c - 2 bread rations
 h - a beef jerky
 k - a chunk of flesh


   Skills:
 - Level 1.7 Dodging
 - Level 1.7 Stealth
 + Level 2.3 Spellcasting
 * Level 4.3 Summonings


You couldn't memorise any spells.
You knew the following spells:

 Your Spells              Type           Power        Failure   Level  Hunger
a - Summon Small Mammal   Summ           ###.         2%          1    #......
b - Call Imp              Summ           ###.....     4%          2    ##.....
c - Call Canine Familiar  Summ           ###.....     10%         3    ###....


You were on level 2 of the Dungeon.
You were not hungry.

You visited 1 branch of the dungeon, and saw 2 of its levels.

You collected 68 gold pieces.

#...........#
#...........#
#...........# .
#...........# ...
#...........# ....
#...........#
.....#####5..........#
#...hh..###.########
#...5@..# #.#
#...55..# #.#
#.......# #.#
#.......# #.#
#.......# #.#
#.......# #.#
#.......# . ###..###
...

Notes
Turn   | Place    | Note
--------------------------------------------------------------
     0 | D:1      | Ololoev, the Demigod Summoner, began the quest for the Orb.
     0 | D:1      | Reached XP level 1. HP: 14/14 MP: 5/5
  1102 | D:1      | Reached XP level 2. HP: 15/20 MP: 7/7
  1143 | D:1      | Reached skill level 4 in Summonings
  2132 | D:2      | Reached XP level 3. HP: 14/26 MP: 6/9
  2136 | D:2      | Learned a level 2 spell: Call Imp
  2140 | D:2      | Learned a level 3 spell: Call Canine Familiar
  2213 | D:2      | Noticed Natasha
  2435 | D:2      | Slain by Natasha

Dungeon Overview and Level Annotations

Branches:
Dungeon (2/15)

Annotations:
D:2 Natasha


Message History

Natasha mumbles some strange words.
The quokka bites you but does no damage.
Casting: Call Canine Familiar
Confirm with . or Enter, or press ? or * to list all spells.
A beastly little devil appears in a puff of flame.
The quokka bites you.
The crimson imp blinks!
Casting: Call Imp
Confirm with . or Enter, or press ? or * to list all spells.
A beastly little devil appears in a puff of flame.
Your hound misses the quokka. The quokka bites you.
Your hound bites the quokka.
Your crimson imp blinks!
Unknown command.
You hit the quokka but do no damage.
The quokka is almost dead.
The quokka closely misses you.
The shadow imp closely misses your hound.
Natasha misses your hound.
Your hound bites the quokka.
The quokka dies!
Your crimson imp misses the shadow imp.
The shadow imp misses you.
Natasha stares at you and mumbles some strange words.
You feel yourself slow down.
Your hound barely misses Natasha.
Your crimson imp closely misses the shadow imp.
Unknown command.
You hit Natasha.
Natasha is lightly wounded.
Your hound bites Natasha.
The shadow imp gestures at you. Pain shoots through your body!
Natasha closely misses you. The crimson imp hits you.
Your crimson imp hits the shadow imp but does no damage.
The shadow imp hits you.
Your hound bites Natasha.
Natasha claws you but does no damage.
You hit Natasha.
Natasha is severely wounded.
Your hound bites Natasha.
The crimson imp hits you.
Your crimson imp misses the shadow imp.
The shadow imp barely misses you. Natasha claws you!
You die...

You could see Natasha, a crimson imp, a shadow imp, a friendly hound and 2 friendly crimson imps.

Vanquished Creatures
  A worm (D:1)
  A giant gecko (D:1)
  3 goblins (D:1)
  2 hobgoblins (D:1)
  2 jackals (D:1)
  3 kobolds
  6 bats
  2 giant cockroaches (D:1)
  A giant newt (D:1)
  3 rats (D:1)
24 creatures vanquished.

Vanquished Creatures (collateral kills)
  An adder (D:2)
  3 hobgoblins
  A jackal (D:1)
  A kobold (D:1)
  A quokka (D:2)
  4 goblins
  A rat (D:1)
12 creatures vanquished.

Vanquished Creatures (others)
  3 rats (D:2)
3 creatures vanquished.

Grand Total: 39 creatures vanquished

Action                   || total
-------------------------++-------
Melee: Dagger            ||   126
       Unarmed           ||     5
 Cast: Summon Small Mamm ||    18
       Call Imp          ||     2
       Call Canine Famil ||     2
 Stab: Distracted        ||     1
       Sleeping          ||     1
  Eat: Chunk             ||     3
       Meat ration       ||     1

Vault maps used:
D:1:      evilmike_arrival_crescent
D:2:      uniq_natasha
